 Dungeon Crawl Stone Soup version 0.29-a0-317-gd16b76e6b1 (webtiles) character file.

Game seed: 16619016787591394906

2586 nono the Slicer (level 9, -3/63 HPs)
             Began as a Kobold Brigand on Mar 31, 2022.
             Was a Believer of Okawaru.
             Slain by a gnoll shaman
             ... wielding a +0 halberd
              (6 damage)
             ... in a bailey.
             The game lasted 00:25:35 (7275 turns).

nono the Slicer (Kobold Brigand)                    Turns: 7275, Time: 00:25:36

Health: -3/63      AC: 12    Str: 11 (13) XL:     9   Next: 88%
Magic:  18/18      EV: 14    Int:  9 (12) God:    Okawaru [**....]
Gold:   341        SH:  0    Dex: 15 (16) Spells: 8/8 levels left

rFire   . . .      SeeInvis +   t - +2 short sword (protect)
rCold   . . .      Faith    .   (no shield)
rNeg    . . .      Spirit   .   z - +1 leather armour "Oboficobe" {rElec Regen+ SInv Stlth-}
rPois   +          Reflect  +   (no helmet)
rElec   +          Harm     .   c - +0 cloak
rCorr   .          Rampage  .   (no gloves)
Will    .....                   (no boots)
Stlth   ++........              k - amulet of reflection
HPRegen 1.00/turn               f - ring of magical power
MPRegen 0.16/turn               s - ring of poison resistance

@: confused, ambrosia-drunk, under a protective aura, flying
A: small, no large weapons, nightstalker 3
a: Renounce Religion, Heroism


You were in a bailey.
You worshipped Okawaru.
Okawaru was pleased with you.
You visited 2 branches of the dungeon, and saw 8 of its levels.
You also visited: Bailey.

You collected 341 gold pieces.

Inventory:

Hand Weapons
 a - a +2 dagger
 q - a +3 quarterstaff of chaos
 r - a +3 dagger
 t - a +2 short sword of protection (weapon)
Missiles
 d - 9 poisoned darts (quivered)
 e - 4 curare-tipped darts
 K - 3 throwing nets
Armour
 b - a +0 robe
 c - a +0 cloak (worn)
 h - a +0 ring mail
 w - a +0 scale mail
 z - the +1 leather armour "Oboficobe" (worn) {rElec Regen+ SInv Stlth-}
   (You took it off a hobgoblin on level 3 of the Dungeon)

   rElec:     It insulates you from electricity.
   SInv:      It lets you see invisible.
   Regen:     It increases your rate of health regeneration.
   Stlth:     It makes you less stealthy.
 F - a +0 chain mail
Jewellery
 f - a ring of magical power (left hand)
 k - an amulet of reflection (around neck)
 s - a ring of poison resistance (right hand)
 E - an amulet of the acrobat
Wands
 x - a wand of polymorph (37)
Scrolls
 g - 2 scrolls of identify
 j - 3 scrolls of fear {unknown}
 l - a scroll of amnesia
 m - 5 scrolls of teleportation
 n - a scroll of fog
 o - a scroll of enchant weapon {unknown}
 u - a scroll of immolation
 y - 2 scrolls of noise {unknown}
 A - a scroll of enchant armour {unknown}
 C - 2 scrolls of silence {unknown}
 H - 2 scrolls of torment {unknown}
Potions
 i - a potion of cancellation
 v - 3 potions of mutation
 B - a potion of resistance
 G - a potion of degeneration


   Skills:
 + Level 10.9 Fighting
 + Level 13.0 Short Blades
 - Level 4.1 Throwing
 + Level 2.9 Dodging
 + Level 9.5 Stealth
 - Level 1.4 Shields


You had 8 spell levels left.
You didn't know any spells.
Your spell library contained the following spells:

 Spells                   Type           Power      Damage    Failure   Level
 Freeze                   Ice            0%         1d3       47%         1
 Frozen Ramparts          Ice            0%         1d2       85%         3
 Gell's Gravitas          Tloc           0%         N/A       85%         3
 Teleport Other           Tloc           0%         N/A       85%         3
 Hailstorm                Conj/Ice       0%         3d3       99%         4
 Dispersal                Tloc           0%         N/A       100%        6


Dungeon Overview and Level Annotations

Branches:
Dungeon (7/15)             Temple (1/1) D:5          Bailey (1/1)

Altars:
Ashenzari
Dithmenos
Fedhas
Makhleb
Okawaru
Ru
Sif Muna
Uskayaw
Vehumet
Wu Jian
Xom
Zin
The Shining One
Lugonu


Innate Abilities, Weirdness & Mutations

You are small and have problems with some larger weapons.
You are completely attuned to the shadows.


Message History

The gnoll sergeant is severely wounded.
The wolf completely misses you.
You hit the gnoll sergeant but do no damage.
The gnoll sergeant is severely wounded.
The wolf completely misses you.
The gnoll shaman hits you but does no damage.
The gnoll sergeant hits you with a +0 halberd!
It was a potion of degeneration.
There was something very wrong with that liquid.
You feel weakened.
You feel dopey.
You feel clumsy. The wolf closely misses you.
The gnoll shaman closely misses you. The gnoll sergeant closely misses you.
You hit the gnoll sergeant but do no damage.
The gnoll sergeant is severely wounded.
You feel like a meek peon again. The wolf bites you.
* * * LOW HITPOINT WARNING * * *
The wolf closely misses you.
It was a potion of flight.
You feel very buoyant.
You fly up into the air.
The wolf misses you. You block the wolf's attack.
The gnoll shaman barely misses you. You block the gnoll sergeant's attack.
The wolf barely misses you. The wolf closely misses you.
It was a potion of ambrosia.
You are confused.
You feel invigorated. The wolf barely misses you. The wolf bites you.
The gnoll shaman hits you from afar with a +0 halberd!
* * * LOW HITPOINT WARNING * * *
The gnoll sergeant misses you. The wolf bites you.
* * * LOW HITPOINT WARNING * * *
Okay, then.
You are too confused!
You are too confused!
You bump into the stone wall.
The wolf bites you.
* * * LOW HITPOINT WARNING * * *
The wolf bites you.
* * * LOW HITPOINT WARNING * * *
The wolf bites you but does no damage.
The gnoll shaman hits you from afar with a +0 halberd.
You die...

#...)...# #...8...#
#.......# ##.g...##
♣≈ ##.).## ♣≈ ##'##
♣≈ #g).# ♣≈## #hh.# ♣
♣≈.# #@g)# ≈♣
♣≈.######'''######.≈♣
♣≈.......).).......≈♣
♣≈≈......÷........≈≈♣
♣♣≈≈≈≈≈≈≈...≈≈≈≈≈≈≈♣♣
♣♣...............♣♣
♣♣♣...........♣♣♣
♣♣....... ♣♣.∩.♣♣♣


You could see a gnoll sergeant, 2 wolves and a gnoll shaman.

Vanquished Creatures
  A shadow (D:5)
  A sky beast (D:6)
  Duvessa (D:6)
  3 black bears (D:6)
  A centaur (D:7)
  An ogre (D:5)
  A wolf (Bailey)
  A phantom (D:6)
  A kobold brigand (D:6)
  3 bullfrogs (D:6)
  2 scorpions
  4 gnoll sergeants (Bailey)
  Dowan (D:6)
  An orc priest (D:4)
  2 gnoll shamans (Bailey)
  5 hounds
  3 jellies
  2 iguanas
  Crazy Yiuf (D:2)
  4 orc wizards (D:4)
  4 adders
  6 gnolls (Bailey)
  A white imp (D:6)
  3 worms
  2 dart slugs
  13 orcs
  7 ball pythons
  5 endoplasms
  4 giant cockroaches
  7 goblins
  6 hobgoblins
  4 jackals (D:3)
  7 quokkas
  4 bats
  3 frilled lizards (D:1)
  12 kobolds
  5 rats
132 creatures vanquished.

Vanquished Creatures (others)
  2 orc wizards (D:4)
  A plant (D:7)
3 creatures vanquished.

Grand Total: 135 creatures vanquished

Notes
Turn   | Place    | Note
-------+----------+-------------------------------------------
     0 | D:1      | nono the Kobold Brigand began the quest for the Orb.
     0 | D:1      | Reached XP level 1. HP: 12/12 MP: 1/1
     4 | D:1      | Noticed an electric eel
     7 | D:1      | Noticed an electric eel
   143 | D:1      | Found a faded altar of an unknown god.
   459 | D:1      | Reached skill level 3 in Short Blades
   511 | D:1      | Reached XP level 2. HP: 16/17 MP: 2/2
  1162 | D:1      | Reached XP level 3. HP: 18/21 MP: 3/3
  1583 | D:2      | Reached XP level 4. HP: 26/27 MP: 4/4
  1731 | D:2      | Found a runed translucent door.
  1734 | D:2      | Noticed Crazy Yiuf
  1739 | D:2      | Killed Crazy Yiuf
  2503 | D:3      | Reached XP level 5. HP: 30/31 MP: 5/5
  2715 | D:3      | Identified the +1 leather armour "Oboficobe" {rElec Regen+
                  | SInv Stlth-}
  3409 | D:4      | Reached skill level 4 in Short Blades
  3637 | D:4      | Reached XP level 6. HP: 37/37 MP: 6/6
  3884 | D:4      | Reached skill level 10 in Fighting
  3884 | D:4      | Reached skill level 12 in Short Blades
  3884 | D:4      | Reached XP level 7. HP: 16/52 MP: 7/7
  4599 | D:5      | Entered Level 5 of the Dungeon
  4649 | D:5      | Found a staircase to the Ecumenical Temple.
  4655 | Temple   | Entered the Ecumenical Temple
  4676 | Temple   | Became a worshipper of Warmaster Okawaru
  4921 | D:5      | Noticed a shadow
  4925 | D:5      | Killed a shadow
  4926 | D:5      | Reached XP level 8. HP: 58/58 MP: 8/8
  5249 | D:6      | Reached * piety under Okawaru
  5275 | D:6      | Reached skill level 1 in Shields
  5309 | D:6      | Found a hide-covered altar of Uskayaw.
  5312 | D:6      | Found a blossoming altar of Fedhas.
  5424 | D:6      | Found an ornate altar of the Wu Jian Council.
  5491 | D:6      | Reached XP level 9. HP: 56/63 MP: 9/9
  5934 | D:6      | Reached ** piety under Okawaru
  6244 | D:6      | Noticed Duvessa
  6244 | D:6      | Noticed Dowan
  6254 | D:6      | Killed Duvessa
  6270 | D:6      | Killed Dowan
  6439 | D:6      | Found a burning altar of Makhleb.
  6877 | D:7      | Found a flagged portal.
  6884 | Bailey   | Entered a bailey
  7211 | Bailey   | Reached skill level 13 in Short Blades
  7275 | Bailey   | HP: 3/63 [wolf (3)]
  7275 | Bailey   | Slain by a gnoll shaman

Illustrated notes

Levels and vault maps discovered:
D:1:      arrival_aquarium_b, layout_basic, ebering_ecumenical_altar_mist,
          lemuel_another_geyser
D:2:      layout_loops_ring, uniq_crazy_yiuf_cottage
D:3:      layout_loops_cross, nicolae_overflow_hidden_temple, minmay_checkerbox
D:4:      layout_basic
D:5:      layout_rooms, minmay_temple_entry_waves
D:6:      kennysheep_spiral_hall, layout_cave_pools,
          mainiacjoe_overflow_boulevard, grunt_temple_overflow_diamond,
          kennysheep_generic_room_3, uniq_duvessa
D:7:      layout_gridville, worldfamousw_hep_ancestral_shrine, enter_bailey_2,
          amcnicky_mini_corridor_feature, serial_bayou_lake_a
Temple:   corrupted_temple
Bailey:   bailey_polearm_gnolls_kennysheep, bailey

Skill      XL: |  1  2  3  4  5  6  7  8  9 |
---------------+----------------------------+-----
Short Blades   | 3 4 12 13 | 13.0
Stealth        | 6 7 8 9 |  9.5
Fighting       | 3 10 | 10.9
Throwing       | 3 4 |  4.1
Shields        | 1 |  1.4
Dodging        | 2 |  2.9

Action                   |  1- 3 |  4- 6 |  7- 9 || total
-------------------------+-------+-------+-------++-------
Melee: Dagger            |    76 |    10 |       ||    86
       Short sword       |       |   126 |   440 ||   566
       Punch             |       |     1 |     9 ||    10
       Unarmed           |       |       |     5 ||     5
Throw: Dart              |       |     1 |     1 ||     2
Invok: Heroism           |       |       |     6 ||     6
  Use: Potion            |       |     4 |     8 ||    12
       Scroll            |       |       |     7 ||     7
 Stab: Sleeping          |    10 |    19 |     9 ||    38
       Distracted        |     1 |     1 |       ||     2
Armor: Ring mail         |    14 |    11 |       ||    25
       Scale mail        |       |    33 |     9 ||    42
       Leather armour    |       |     1 |    49 ||    50
       Skin              |       |       |    10 ||    10
       Chain mail        |       |       |    66 ||    66
Dodge: Dodged            |    37 |    51 |   223 ||   311
Block: Other             |     2 |    22 |    76 ||   100
       Reflection        |       |       |     2 ||     2

Table legend: (Time is in decaauts)
 A = Elapsed time spent in this place.
 B = Non-inter-level travel time spent in this place.
 C = Inter-level travel time spent in this place.
 D = Time resting spent in this place.
 E = Time spent auto-exploring this place.
 F = Levels seen in this place.
 G = Mean time per level.
                   A        B        C        D        E       F      G
               +--------+--------+--------+--------+--------+-----+--------+
         Total |   6997 |   6730 |    267 |   1055 |   4428 |   9 |  777.4 |
       Dungeon |   6683 |   6420 |    263 |   1047 |   4416 |   7 |  954.7 |
        Temple |     53 |     49 |      4 |      0 |     12 |   1 |   53.0 |
        Bailey |    260 |    260 |      0 |      8 |      0 |   1 |  260.0 |
               +--------+--------+--------+--------+--------+-----+--------+

Top non-repeatable levels by time:
     D:1: 1433 daAuts
     D:4: 1360 daAuts
     D:6: 1259 daAuts
     D:2: 923 daAuts
     D:3: 820 daAuts
     D:5: 588 daAuts
     D:7: 298 daAuts
  Bailey: 260 daAuts
  Temple: 53 daAuts
